 Dungeon Crawl Stone Soup version 0.22-a0-587-g7d32d7c (webtiles) character file.

508 KristoblXynda the Sneak (level 6, -1/28 HPs)
             Began as a Spriggan Enchanter on July 4, 2018.
             Killed from afar by Duvessa (7 damage)
             ... with a wand of flame (31)
             ... on level 4 of the Dungeon.
             The game lasted 00:10:56 (4111 turns).

KristoblXynda the Sneak (Spriggan Enchanter)        Turns: 4111, Time: 00:10:57

Health: -1/28      AC:  2    Str:  8    XL:     6   Next: 98%
Magic:  9/15       EV: 18    Int: 18    God:
Gold:   185        SH:  0    Dex: 16    Spells: 10/15 levels left

rFire    . . .     SeeInvis +   a - +1 dagger
rCold    . . .     Gourm    .   (shield restricted)
rNeg     . . .     Faith    .   b - +0 robe
rPois    .         Spirit   .   (helmet restricted)
rElec    .         Reflect  .   (no cloak)
rCorr    .         Harm     .   (gloves unavailable)
MR       +....                  (boots unavailable)
Stlth    ++++......             (no amulet)
HPRegen  0.09/turn              e - +3 ring of strength
MPRegen  0.14/turn              (no ring)

@: very quick
A: very small, unfitting armour, see invisible, herbivore, speed 3, slow
metabolism 2
a: no special abilities


You were on level 4 of the Dungeon.
You were not hungry.

You visited 1 branch of the dungeon, and saw 4 of its levels.

You collected 185 gold pieces.

Inventory:

Hand Weapons
 a - a +1 dagger (weapon)
 t - a +0 rapier of electrocution
Armour
 b - a +0 robe (worn)
Jewellery
 e - a +3 ring of strength (left hand)
 i - an uncursed amulet of harm {unknown}
Wands
 s - a wand of random effects (12)
Scrolls
 k - a scroll of magic mapping {unknown}
 n - a scroll of noise {unknown}
 o - a scroll of fog {unknown}
 p - a scroll of teleportation {unknown}
 r - a scroll of identify {unknown}
 u - a scroll of remove curse {unknown}
Potions
 c - a potion of haste {unknown}
 f - 2 potions of resistance {unknown}
 g - 2 potions of ambrosia {unknown}
 h - a potion of agility {unknown}
 j - a potion of curing {unknown}
 l - 2 potions of cancellation {unknown}
 m - a potion of flight {unknown}
 q - a potion of might {unknown}
Comestibles
 d - 9 rations


   Skills:
 + Level 3.0 Short Blades
 - Level 3.0 Dodging
 + Level 7.6 Stealth
 + Level 5.3 Spellcasting
 + Level 5.9 Hexes


You had 10 spell levels left.
You knew the following spells:

 Your Spells              Type           Power        Failure   Level  Hunger
b - Ensorcelled Hibernat  Hex/Ice        ###...       5%          2    #......
c - Confuse               Hex            ####....     3%          3    ##.....

Your spell library contained the following spells:

 Spells                   Type           Power        Failure   Level  Hunger
 Tukima's Dance           Hex            ####....     3%          3    ##.....
 Corona                   Hex            ####...      1%          1    None
 Dazzling Spray           Conj/Hex       ###...       11%         3    ##.....


Dungeon Overview and Level Annotations

Branches:
Dungeon (4/15)
 Temple: D:4-7

Altars:
Dithmenos

Annotations:
D:4 Dowan, Duvessa


Innate Abilities, Weirdness & Mutations

You are very small and have problems with some larger weapons.
You are too small for most types of armour.
You have supernaturally acute eyesight. (SInv)
You are a herbivore.
You cover ground extremely quickly.
You need to consume almost no food.


Message History

Duvessa easily resists.
Duvessa hits you with a rapier.
Casting: Ensorcelled Hibernation (safe; 5% risk of failure)
Confirm with . or Enter, or press ? or * to list all spells.
Aiming: Ensorcelled Hibernation (safe; 5% risk of failure)
Press: ? - help, Shift-Dir - straight line, f/p - Duvessa
Aim: Duvessa, wielding a rapier, wearing a chain mail and carrying a wand of flame (33) (chance to defeat MR: 28%) Duvessa looks drowsy...
The helpless Duvessa fails to defend herself.
You impale Duvessa!!
Duvessa is almost dead.
Duvessa zaps a wand.
The puff of flame hits you!
Dowan gestures at Duvessa while chanting.
Duvessa seems to speed up.
You hit Duvessa but do no damage.
Duvessa is almost dead.
Duvessa hits you but does no damage.
Duvessa zaps a wand.
The puff of flame hits you!
* * * LOW HITPOINT WARNING * * *
Duvessa zaps a wand.
The puff of flame hits you!
You die...

####### ......# ......#
......#
......#################
......#...............#.###
................@..ee......
###.###.#############.#.###
.... #.# # #....##.#
#....##.# #....##.# ###.
#.# #.# #.#


You could see Duvessa and Dowan.

Vanquished Creatures
  Eustachio (D:4)
  A scorpion (D:4)
  A howler monkey (D:4)
  A bullfrog skeleton (D:4)
  Terence (D:2)
  A worker ant (D:4)
  10 adders
  4 worms
  3 dart slugs
  4 leopard geckos
  4 orcs (D:3)
  9 bats
  3 giant cockroaches
  3 goblins (D:2)
  7 hobgoblins
  9 jackals
  8 kobolds
  3 quokkas
  2 ball pythons
  8 frilled lizards
  11 rats
94 creatures vanquished.

Notes
Turn   | Place    | Note
-------+----------+-------------------------------------------
     0 | D:1      | KristoblXynda the Spriggan Enchanter began the quest for the Orb.
     0 | D:1      | Reached XP level 1. HP: 9/9 MP: 5/5
   839 | D:1      | Reached XP level 2. HP: 3/13 MP: 7/7
  1069 | D:1      | Learned a level 2 spell: Ensorcelled Hibernation
  1161 | D:1      | Reached skill level 5 in Stealth
  1492 | D:1      | Reached XP level 3. HP: 8/16 MP: 3/8
  1497 | D:1      | Learned a level 3 spell: Confuse
  1772 | D:2      | Noticed Terence
  1782 | D:2      | Killed Terence
  1782 | D:2      | Reached XP level 4. HP: 20/21 MP: 6/10
  1863 | D:2      | Reached skill level 6 in Stealth
  2412 | D:2      | Reached XP level 5. HP: 24/24 MP: 12/12
  2542 | D:3      | Reached skill level 5 in Hexes
  2655 | D:3      | Found a shadowy altar of Dithmenos.
  3123 | D:4      | Noticed a phantom
  3163 | D:4      | Noticed Dowan
  3167 | D:4      | Noticed a phantom
  3167 | D:4      | Noticed Duvessa
  3352 | D:4      | Reached XP level 6. HP: 22/28 MP: 14/14
  3416 | D:4      | Reached skill level 7 in Stealth
  3441 | D:4      | Noticed Eustachio
  3468 | D:4      | Killed Eustachio
  3468 | D:4      | Reached skill level 5 in Spellcasting
  4111 | D:4      | Killed from afar by Duvessa

Vault maps used:
D:1:      dpeg_arrival_lava_temple_mockup, minmay_misc_feat_diagonals
D:2:      kennysheep_crisscross, minmay_pentomino_o4, uniq_terence
D:3:      first_ration, grunt_dithmenos_smoke
D:4:      grunt_ministairs_5, uniq_duvessa, uniq_eustachio, uniq_menkaure

Skill      XL: |  1  2  3  4  5  6 |
---------------+-------------------+-----
Spellcasting   | 3 4 5 |  5.3
Hexes          | 4 5 |  5.9
Stealth        | 5 6 7 |  7.6
Short Blades   | 2 3 |  3.0
Dodging        | |  3.0

Action                   |  1- 3 |  4- 6 || total
-------------------------+-------+-------++-------
Melee: Dagger            |   120 |   210 ||   330
 Cast: Ensorcelled Hiber |     8 |    42 ||    50
       Confuse           |       |     6 ||     6
  Use: Scroll            |     1 |       ||     1
 Stab: Sleeping          |    17 |    38 ||    55
       Confused          |       |     3 ||     3
  Eat: Ration            |       |     2 ||     2
Armor: Robe              |    12 |    22 ||    34
Dodge: Dodged            |    90 |   174 ||   264

Table legend:
 A = Spawn XP
 B = Non-spawn XP
 C = Spawn XP percentage of total XP
 D = Spawn monster count
 E = Non-spawn monster count
 F = Spawn count percentage of total count
 G = Total turns spent on level
                    A         B        C        D         E        F      G
               +---------+---------+-------+---------+---------+-------+---------
         Total |       0 |     727 |   0.0 |       0 |      94 |   0.0 |  4111
               +---------+---------+-------+---------+---------+-------+---------
           D:1 |       0 |      42 |   0.0 |       0 |      25 |   0.0 |  1660
           D:2 |       0 |     160 |   0.0 |       0 |      31 |   0.0 |   841
           D:3 |       0 |      49 |   0.0 |       0 |      18 |   0.0 |   835
           D:4 |       0 |     476 |   0.0 |       0 |      20 |   0.0 |   775
               +---------+---------+-------+---------+---------+-------+---------
